 Dungeon Crawl Stone Soup version 0.29.1-1-gd02db6906a (webtiles) character file.

Game seed: 5343393433883853018

987 LustLizard the Slasher (level 8, -5/63 HPs)
             Began as a Human Monk on Oct 21, 2022.
             Slain by a gnoll bouda
             ... wielding a +0 club
              (7 damage)
             ... on level 5 of the Dungeon.
             The game lasted 00:07:49 (3729 turns).

LustLizard the Slasher (Human Monk)                 Turns: 3729, Time: 00:07:50

Health: -5/63      AC:  7    Str: 13    XL:     8   Next: 41%
Magic:  8/8        EV: 11    Int: 11    God:
Gold:   243        SH:  0    Dex: 16    Spells: 7/7 levels left

rFire   . . .      SeeInvis .   a - +0 falchion
rCold   . . .      Faith    .   (no shield)
rNeg    . . .      Spirit   .   f - +0 ring mail
rPois   +          Reflect  .   w - +1 hat
rElec   .          Harm     .   (no cloak)
rCorr   .          Rampage  .   l - +0 pair of gloves
Will    +....                   (no boots)
Stlth   +.........              g - amulet of regeneration
HPRegen 1.00/turn               d - ring of willpower
MPRegen 0.11/turn               s - ring of poison resistance

@: weakened
A: no striking features
a: no special abilities


You were on level 5 of the Dungeon.
You visited 1 branch of the dungeon, and saw 5 of its levels.

You collected 243 gold pieces.

Inventory:

Hand Weapons
 a - a +0 falchion (weapon)
Missiles
 v - 9 stones (quivered)
 x - a boomerang
Armour
 b - a +0 robe
 f - a +0 ring mail (worn)
 l - a +0 pair of gloves (worn)
 u - a +0 chain mail
 w - a +1 hat (worn)
Jewellery
 d - a ring of willpower (left hand)
 g - an amulet of regeneration (around neck)
 m - a ring of resist corrosion
 s - a ring of poison resistance (right hand)
Scrolls
 h - a scroll of torment {unknown}
 i - 2 scrolls of fear {unknown}
 n - a scroll of amnesia {unknown}
 p - 2 scrolls of vulnerability {unknown}
 q - a scroll of enchant weapon {unknown}
 r - a scroll of enchant armour {unknown}
 t - a scroll of teleportation {unknown}
Potions
 c - a potion of ambrosia
 e - 2 potions of lignification
 j - 3 potions of degeneration
 o - a potion of magic
 z - a potion of might


   Skills:
 + Level 5.5 Fighting
 * Level 7.3 Long Blades
 - Level 4.0 Throwing
 - Level 3.0 Dodging
 - Level 2.0 Stealth


You had 7 spell levels left.
You didn't know any spells.
Your spell library contained the following spells:

 Spells                   Type           Power      Damage    Failure   Level
 Apportation              Tloc           0%         N/A       61%         1
 Necrotise                Necr           0%         1d4       61%         1
 Summon Small Mammal      Summ           0%         N/A       61%         1
 Ensorcelled Hibernation  Hex/Ice        0%         N/A       75%         2
 Sublimation of Blood     Necr           0%         N/A       75%         2
 Wereblood                Tmut           0%         N/A       75%         2
 Spider Form              Tmut/Pois      0%         N/A       93%         3
 Anguish                  Hex/Necr       0%         N/A       100%        4
 Petrify                  Tmut/Erth      0%         N/A       100%        4
 Irradiate                Conj/Tmut      0%         3d11      100%        5
 Summon Hydra             Summ           0%         N/A       100%        7


Dungeon Overview and Level Annotations

Branches:
Dungeon (5/15)
 Temple: D:4-7

Altars:
Sif Muna

Shops:
D:2 [


Message History

You hit the gnoll bouda.
The gnoll bouda is severely wounded.
The gnoll bouda barely misses you. The gnoll barely misses you.
You barely miss the gnoll bouda.
The gnoll bouda is severely wounded.
The gnoll bouda hits you with a +0 club.
You hit the gnoll bouda but do no damage.
The gnoll bouda is severely wounded.
The gnoll hits you from afar with a +2 vorpal halberd!
* * * LOW HITPOINT WARNING * * *
x2 The gnoll bouda barely misses you.
You hit the gnoll bouda.
The gnoll bouda is almost dead.
The gnoll closely misses you. The gnoll bouda barely misses you.
You hit the gnoll bouda but do no damage.
The gnoll bouda is almost dead.
The gnoll closely misses you.
The gnoll bouda hits you with a +0 club!
* * * LOW HITPOINT WARNING * * *
You hit the gnoll bouda but do no damage.
The gnoll bouda is almost dead.
The gnoll closely misses you.
The gnoll bouda utters an invocation to its god.
The gnoll bouda is healed somewhat.
Sorry, you're not good enough to have a special ability.
You feel much better. The gnoll hits you but does no damage.
The gnoll bouda hits you with a +0 club!
You hit the gnoll bouda but do no damage.
You punch the gnoll bouda, but do no damage.
The gnoll bouda is severely wounded.
The gnoll hits you from afar with a +2 vorpal halberd!
* * * LOW HITPOINT WARNING * * *
x2 The gnoll bouda barks out a call to the hunt!
You hit the gnoll bouda but do no damage.
The gnoll bouda is severely wounded.
The gnoll hits you from afar with a +2 vorpal halberd!
* * * LOW HITPOINT WARNING * * *
x2 A gnoll comes into view. It is wielding a +0 club.
The gnoll bouda hits you with a +0 club!
You die...

..####.#..#....#...####+#
#....
..#.......#.............#
#..g.
###.....####...#...#.####
#.... ###.....# #####...#..#
#.... ........# #...##.##
##... ..#.....# #######.#P.P#
#... ........# #....####≈.≈##
#)## ........#
#.♣.♣.##≈≈.≈≈######.#
........#
#....@P≈≈≈.≈≈≈P##.).#
.#......#
#..8..gg....g.....###
.#.#...... #.....P≈≈≈.≈≈≈P##.#
.......#####.♣.♣.##≈≈.≈≈####.#
######.# #....####≈.≈## #.# .#
##### #P.P# #.# # ##.## ..#
#.. ### ####


You could see a gnoll bouda and 2 gnolls.

Vanquished Creatures
  Grinder (D:3)
  Sigmund (D:2)
  2 phantoms
  Blork the orc (D:4)
  A bullfrog (D:5)
  A hound (D:5)
  4 orc wizards
  6 gnolls (D:5)
  5 adders
  An ufetubus (D:4)
  2 worms (D:3)
  17 orcs
  10 endoplasms
  2 giant cockroaches
  3 goblins
  6 hobgoblins
  4 kobolds
  3 quokkas
  5 ball pythons
  2 bats
  3 frilled lizards
  11 rats
91 creatures vanquished.

Notes
Turn   | Place    | Note
-------+----------+-------------------------------------------
     0 | D:1      | LustLizard the Human Monk began the quest for the Orb.
     0 | D:1      | Reached XP level 1. HP: 18/18 MP: 1/1
   402 | D:1      | Reached XP level 2. HP: 23/24 MP: 2/2
   560 | D:1      | Found a faded altar of an unknown god.
  1247 | D:2      | Noticed Sigmund
  1459 | D:2      | Reached XP level 3. HP: 29/29 MP: 3/3
  1602 | D:2      | Killed Sigmund
  1603 | D:2      | Reached skill level 4 in Long Blades
  1603 | D:2      | Reached XP level 4. HP: 30/37 MP: 4/4
  1603 | D:2      | Reached XP level 5. HP: 34/42 MP: 5/5
  1603 | D:2      | Reached XP level 6. HP: 39/48 MP: 6/6
  1653 | D:2      | Found Pighox's Armour Emporium.
  2187 | D:3      | Found a shimmering blue altar of Sif Muna.
  2203 | D:3      | Reached skill level 5 in Long Blades
  2441 | D:3      | Noticed Grinder
  2475 | D:3      | Killed Grinder
  2476 | D:3      | Reached XP level 7. HP: 27/55 MP: 7/7
  2793 | D:4      | Noticed Blork the orc
  2806 | D:3      | Reached skill level 6 in Long Blades
  2873 | D:4      | Killed Blork the orc
  2874 | D:4      | Reached skill level 5 in Fighting
  2876 | D:4      | Reached XP level 8. HP: 25/62 MP: 8/8
  3491 | D:5      | Entered Level 5 of the Dungeon
  3629 | D:5      | Reached skill level 7 in Long Blades
  3729 | D:5      | HP: 2/63 [gnoll/+2 vorpal halberd[a gnoll bouda] (3)]
  3729 | D:5      | Slain by a gnoll bouda

Illustrated notes

Levels and vault maps discovered:
D:1:      minmay_arrival_checkered_box, layout_basic, basic_ecumenical_altar,
          minmay_misc_feat_cross, minmay_domino_4
D:2:      layout_loops_cross, serial_shops, nicolae_shop_stone, uniq_sigmund
D:3:      layout_rooms, kennysheep_orc_sif_temple, uniq_grinder
D:4:      layout_basic, uniq_blork_the_orc
D:5:      layout_basic, dreamdust_princess_bridge, fountainhead

Skill      XL: |  1  2  3  4  5  6  7  8 |
---------------+-------------------------+-----
Long Blades    | 4 5 6 7 |  7.3
Throwing       | 2 4 |  4.0
Fighting       | 4 5 |  5.5
Dodging        | |  3.0
Stealth        | |  2.0

Action                   |  1- 3 |  4- 6 |  7- 9 || total
-------------------------+-------+-------+-------++-------
Melee: Falchion          |    80 |   122 |   216 ||   418
       Punch             |     1 |       |     5 ||     6
Throw: Stone             |       |    14 |       ||    14
  Use: Scroll            |     2 |     2 |     1 ||     5
       Potion            |     1 |       |     2 ||     3
 Stab: Sleeping          |     1 |     3 |       ||     4
Armor: Robe              |     5 |       |       ||     5
       Ring mail         |    19 |    47 |    89 ||   155
Dodge: Dodged            |    47 |    52 |   125 ||   224
